 Dungeon Crawl Stone Soup version 0.31-a0-331-geda263fcf1 (webtiles) character file.

Game seed: 11077871787367096085

191 LeprechaunX the Changeling (level 5, -23/36 HPs)
             Began as an Octopode Shapeshifter on July 19, 2023.
             Annihilated by an ogre
             ... wielding a +0 giant club
              (25 damage)
             ... on level 5 of the Dungeon.
             The game lasted 00:04:02 (2944 turns).

LeprechaunX the Changeling (Octopode Shapeshifter)  Turns: 2944, Time: 00:04:02

Health: -23/36     AC:  1    Str: 16    XL:     5   Next: 70%
Magic:  5/5        EV: 13    Int: 10    God:
Gold:   202        SH:  0    Dex: 13    Spells: 4/4 levels left

rFire   + . .        k - +4 spear (heavy)
rCold   . . .        (no shield)
rNeg    . . .        f - melded +1 hat
rPois   .            (no amulet)
rElec   .            i - ring of protection from fire
rCorr   .            u - ring of wizardry
SInv    .            (no ring)
Will    .....        (no ring)
Stlth   ++           (no ring)
HPRegen 0.26/turn    (no ring)
MPRegen 0.09/turn    (no ring)
                     (no ring)

%: wizardry (x1)
@: lethally poisoned (-23 -> -29), beast-form
A: beast (slay +2), almost no armour, amphibious, 8 rings, camouflage 1,
gelatinous body 1, (nimble swimmer 1), tentacles
a: Begin Untransformation


You were on level 5 of the Dungeon.
You were a hulking beast.
You visited 2 branches of the dungeon, and saw 6 of its levels.

You collected 202 gold pieces.

Inventory:

Hand Weapons
 k - a +4 heavy spear (weapon)
Armour
 f - a +1 hat (melded)
Jewellery
 i - a ring of protection from fire (left tentacle)
 u - a ring of wizardry (right tentacle)
Talismans
 b - a beast talisman
 j - a serpent talisman
Scrolls
 d - a scroll of blinking {unknown}
 e - 4 scrolls of teleportation {unknown}
 g - a scroll of enchant weapon {unknown}
 h - a scroll of amnesia {unknown}
 l - a scroll of revelation {unknown}
 m - a scroll of enchant armour {unknown}
 n - a scroll of vulnerability {unknown}
 q - 4 scrolls of identify {unknown}
 r - a scroll of poison {unknown}
Potions
 a - 2 potions of lignification
 c - 2 potions of curing {unknown}
 o - a potion of mutation {unknown}
 p - a potion of magic {unknown}
 s - a potion of might {unknown}
 t - a potion of heal wounds {unknown}
 v - 2 potions of cancellation {unknown}


   Skills:
 + Level 2.9 Fighting
 + Level 1.3 Polearms
 + Level 2.9 Dodging
 + Level 3.2 Unarmed Combat
 * Level 3.9 Shapeshifting


You had 4 spell levels left.
You didn't know any spells.
Your spell library contained the following spells:

 Spells                   Type           Power      Damage    Failure   Level
 Apportation              Tloc           0%         N/A       16%         1
 Necrotise                Necr           0%         1d4       16%         1
 Summon Small Mammal      Summ           0%         N/A       16%         1
 Cigotuvi's Dreadful Rot  Necr/Pois/Air  0%         N/A       22%         2
 Call Canine Familiar     Summ           0%         N/A       41%         3
 Ignite Poison            Fire/Tmut/Pois 0%         N/A       41%         3
 Summon Guardian Golem    Hex/Summ       0%         N/A       41%         3
 Freezing Cloud           Conj/Ice/Air   0%         6-21      98%         5


Dungeon Overview and Level Annotations

Branches:
Dungeon (5/15)             Temple (1/1) D:5

Altars:
Ashenzari
Elyvilon
Fedhas
Gozag
Kikubaaqudgha
Makhleb
Okawaru
Qazlal
Ru
Sif Muna
Trog
Vehumet
Xom
Yredelemnul
Zin
The Shining One

Shops:
D:4 :


Innate Abilities, Weirdness & Mutations

You are a hulking beast.
Your limbs bulge with bestial killing power. (Slay +2)
You cannot wear most types of armour.
You are amphibious.
You can wear up to eight rings at the same time.
Your skin changes colour to match your surroundings (Stealth+).
Your rubbery body absorbs attacks. (AC +1, EV +1)
((You are camouflaged when in or above water. (Stealth+)))
You have tentacles for arms and can constrict up to eight enemies at once.


Message History

An ufetubus is nearby!
An ufetubus is nearby!
An ufetubus is nearby!
Found 4 stones.
The ufetubus shouts!
You reach to attack!
You barely miss the ufetubus. The ufetubus closely misses you.
The ufetubus hits you. x2
The ufetubus closely misses you.
You miss the ufetubus. Your grab misses the ufetubus. The ufetubus misses you.
The ufetubus closely misses you. The ufetubus barely misses you.
The ufetubus hits you.
You puncture the ufetubus!
You kill the ufetubus!
No target in view!
No target in view!
HP restored.
You pick up a book of Callings and begin reading...
You add the spells Call Canine Familiar and Summon Guardian Golem to your library.
An ogre comes into view. It is wielding a +0 giant club.
An ogre is nearby!
An ogre is nearby!
A scorpion comes into view.
You reach to attack!
The helpless ogre fails to defend itself.
You impale the ogre!!
The ogre is severely wounded.
The ogre hits you with a +0 giant club!!
Ouch! That really hurt!
* * * LOW HITPOINT WARNING * * *
You are too injured to fight recklessly!
You barely miss the ogre.
The ogre is severely wounded.
The scorpion stings you but does no damage.
The scorpion stings you.
* * * LOW HITPOINT WARNING * * *
You are lethally poisoned!
The scorpion poisons you!
The ogre hits you with a +0 giant club!!
Ouch! That really hurt!
You die...

...##.<...<....#
#..## ..#
#..........####.##
##
###......>.......#
#.......###....#
.......###.....#
........####...##
#..............$.#
#..........#.s...#
.....#.h#...# .#..
#.O#..s.# #.
...........
..#............#
...............#
..###........## #
....###.. ..#..#
###


You could see an ogre and a scorpion.

Vanquished Creatures
  A howler monkey (D:4)
  A hound (D:4)
  4 adders
  A white imp (D:5)
  An ufetubus (D:5)
  A worm (D:2)
  2 dart slugs
  4 orcs
  2 ball pythons (D:1)
  5 bats
  5 endoplasms
  6 giant cockroaches
  7 goblins
  5 hobgoblins
  3 jackals (D:3)
  6 kobolds
  4 quokkas
  4 frilled lizards
  3 rats
65 creatures vanquished.

Notes
Turn   | Place    | Note
-------+----------+-------------------------------------------
     0 | D:1      | LeprechaunX the Octopode Shapeshifter began the quest for
                  | the Orb.
     0 | D:1      | Reached XP level 1. HP: 14/14 MP: 1/1
   145 | D:1      | Reached XP level 2. HP: 18/19 MP: 2/2
   672 | D:1      | Reached XP level 3. HP: 15/24 MP: 3/3
   854 | D:2      | Identified the +9 plate armour of Wiuss {Contam +Inv rPois
                  | MP+9}
  1202 | D:2      | Found a white marble altar of Elyvilon.
  1674 | D:3      | Found a blossoming altar of Fedhas.
  1781 | D:3      | Reached XP level 4. HP: 27/30 MP: 4/4
  1827 | D:3      | Found a white marble altar of Elyvilon.
  2333 | D:4      | Reached XP level 5. HP: 35/35 MP: 5/5
  2354 | D:4      | Reached skill level 1 in Polearms
  2437 | D:4      | Found Soib's Book Emporium.
  2853 | D:5      | Entered Level 5 of the Dungeon
  2855 | D:5      | Found a staircase to the Ecumenical Temple.
  2879 | Temple   | Entered the Ecumenical Temple
  2937 | D:5      | Noticed an ogre
  2944 | D:5      | Annihilated by an ogre

Illustrated notes

Levels and vault maps discovered:
D:1:      nzn_arrival_depleted_hourglass, layout_loops_ring, patterned_corridor
D:2:      layout_basic, basic_altar
D:3:      layout_basic, nicolae_elyvilon_temple_path, fedhas_ov_isle_minmay
D:4:      layout_basic, serial_shops, shop
D:5:      layout_cave_pools, nicolae_dithmenos_shadow_blocks, temple_fountains,
          uniq_edmund
Temple:   compressed_dpeg_circular_temple

Skill      XL: |  1  2  3  4  5 |
---------------+----------------+-----
Unarmed Combat | 3 |  3.2
Polearms       | 1 |  1.3
Fighting       | |  2.9
Dodging        | |  2.9
Shapeshifting  | |  3.9

Action                     |  1- 3 |  4- 6 || total
---------------------------+-------+-------++-------
  Melee: Unarmed           |    54 |       ||    54
         Constrict         |    21 |     4 ||    25
         Tentacles         |    14 |     3 ||    17
         Punch             |     1 |       ||     1
         Spear             |    13 |    49 ||    62
   Stab: Sleeping          |     7 |     7 ||    14
         Distracted        |       |     1 ||     1
 Armour: Skin              |     9 |     4 ||    13
  Dodge: Dodged            |    30 |    19 ||    49
         Form:             |     1 |       ||     1
         Beast             |     1 |       ||     1

Table legend: (Time is in decaauts)
 A = Elapsed time spent in this place.
 B = Non-inter-level travel time spent in this place.
 C = Inter-level travel time spent in this place.
 D = Time resting spent in this place.
 E = Time spent auto-exploring this place.
 F = Levels seen in this place.
 G = Mean time per level.
                   A        B        C        D        E       F      G
               +--------+--------+--------+--------+--------+-----+--------+
         Total |   2974 |   2837 |    137 |      0 |   2360 |   6 |  495.7 |
       Dungeon |   2973 |   2836 |    137 |      0 |   2360 |   5 |  594.6 |
        Temple |      1 |      1 |      0 |      0 |      0 |   1 |    1.0 |
               +--------+--------+--------+--------+--------+-----+--------+

Top non-repeatable levels by time:
     D:1: 850 daAuts
     D:2: 786 daAuts
     D:3: 703 daAuts
     D:4: 540 daAuts
     D:5: 93 daAuts
  Temple: 1 daAuts
